 Dungeon Crawl Stone Soup version 0.27.0-1-g7a089689b8 (webtiles) character file.

Game seed: 18007622269755615569

3940 VictoriousLee the Magician (level 10, -3/53 HPs)
             Began as a Vine Stalker Monk on Aug 17, 2021.
             Was an Initiate of Gozag.
             Slain by a komodo dragon (20 damage)
             ... on level 8 of the Dungeon.
             The game lasted 00:42:45 (7447 turns).

VictoriousLee the Magician (Vine Stalker Monk)      Turns: 7447, Time: 00:42:46

Health: -3/53      AC:  7    Str: 19    XL:     10   Next: 21%
Magic:  0/21       EV: 12    Int: 10    God:    Gozag
Gold:   1282       SH:  5    Dex: 17    Spells: 21/23 levels left

rFire    + . .     SeeInvis .   T - +3 spear
rCold    . . .     Faith    .   K - +0 buckler
rNeg     . . .     Spirit   +   P - +1 leather armour of Agoraphobia {rF+ Str+2}
rPois    .         Reflect  .   (no helmet)
rElec    .         Harm     .   p - +0 cloak
rCorr    .         Rampage  .   S - +0 pair of gloves
Will     +....                  o - +0 pair of boots
Stlth    ++........             c - amulet of regeneration
HPRegen  2.17/turn              x - +4 ring of slaying
MPRegen  0.17/turn              D - ring of wizardry

@: no status effects
A: fangs 3, regeneration 1, magic shield, antimagic bite, no potion heal 2
a: Renounce Religion, Potion Petition, Call Merchant, Bribe Branch


You were on level 8 of the Dungeon.
You worshipped Gozag.
Gozag was most pleased with you.
You visited 2 branches of the dungeon, and saw 9 of its levels.
You also visited: Sewer.

You collected 1492 gold pieces.
You spent 210 gold pieces at shops.

Inventory:

Hand Weapons
 t - a +2 dagger of venom
 y - a +2 dagger of venom
 A - a +0 short sword of draining
 M - a +2 whip of freezing
 T - a +3 spear (weapon)
 W - a +4 mace
 Y - a +2 hand axe of electrocution
Missiles
 f - 233 stones
 j - 118 arrows
 l - 4 silver javelins
 q - 87 bolts
 B - 29 poisoned darts
 E - 4 curare-tipped darts
Armour
 b - the +4 ring mail of a ziggurat {Int-4 Dex+5}
   (You found it on level 6 of the Dungeon)

   Int:       It affects your intelligence (-4).
   Dex:       It affects your dexterity (+5).
 m - a +0 ring mail
 o - a +0 pair of boots (worn)
 p - a +0 cloak (worn)
 r - a +0 scale mail
 G - a +0 tower shield
 K - a +0 buckler (worn)
 N - a +2 robe of cold resistance
 P - the +1 leather armour of Agoraphobia (worn) {rF+ Str+2}
   (You bought it in a shop on level 5 of the Dungeon)

   Str:       It affects your strength (+2).
   rF:        It protects you from fire.
 S - a +0 pair of gloves (worn)
Jewellery
 c - an amulet of regeneration (around neck)
 s - a ring of magical power
 u - a ring of fire
 x - a +4 ring of slaying (left hand)
 C - an amulet of magic regeneration
 D - a ring of wizardry (right hand)
 L - a ring of see invisible
Wands
 e - a wand of iceblast (8)
 g - a wand of polymorph (14)
 I - a wand of flame (17)
 O - a wand of paralysis (7)
Scrolls
 d - 2 scrolls of magic mapping
 h - a scroll of blinking
 i - 2 scrolls of fear
 k - 2 scrolls of teleportation
 n - a scroll of fog
 w - a scroll of enchant armour
 J - a scroll of vulnerability
 Q - 2 scrolls of immolation
Potions
 a - a potion of might
 v - 3 potions of heal wounds
 z - a potion of haste
 F - a potion of berserk rage
 H - a potion of degeneration
 R - a potion of curing
 U - a potion of brilliance
 V - a potion of flight
 Z - a potion of mutation {unknown}


   Skills:
 - Level 6.6 Fighting
 - Level 4.0 Polearms
 - Level 2.4 Dodging
 - Level 2.4 Stealth
 + Level 3.8 Shields
 - Level 7.0 Spellcasting
 - Level 5.0 Conjurations
 - Level 5.1 Transmutations
 - Level 5.1 Fire Magic


You had 21 spell levels left.
You knew the following spells:

 Your Spells              Type           Power      Damage    Failure   Level
a - Beastly Appendage     Tmut           26%        N/A       1%          1
b - Foxfire               Conj/Fire      52%        2x1d6     1%          1

Your spell library contained the following spells:

 Spells                   Type           Power      Damage    Failure   Level
 Wereblood                Tmut           13%        N/A       1%          2
 Conjure Flame            Conj/Fire      13%        6-21      3%          3
 Animate Skeleton         Necr           6%         N/A       9%          1
 Apportation              Tloc           6%         N/A       9%          1
 Corona                   Hex            3%         N/A       9%          1
 Pain                     Necr           12%        1d4       9%          1
 Summon Small Mammal      Summ           12%        N/A       9%          1
 Inner Flame              Hex/Fire       8%         N/A       10%         3
 Spider Form              Tmut/Pois      4%         N/A       10%         3
 Corpse Rot               Necr/Air       N/A        N/A       14%         2
 Poisonous Vapours        Pois/Air       6%         N/A       14%         2
 Slow                     Hex            3%         N/A       14%         2
 Confusing Touch          Hex            3%         N/A       26%         3
 Yara's Violent Unravell  Hex/Tmut       4%         3d4       63%         5
 Freezing Cloud           Conj/Ice/Air   3%         6-21      75%         5
 Agony                    Necr           3%         N/A       91%         5
 Excruciating Wounds      Necr           1%         N/A       91%         5
 Conjure Ball Lightning   Conj/Air       4%         3x3d6     99%         6
 Discord                  Hex            1%         N/A       100%        8
 Disjunction              Tloc           1%         N/A       100%        8


Dungeon Overview and Level Annotations

Branches:
Dungeon (8/15)             Temple (1/1) D:7            Lair (0/6) D:8
  Sewer (visited)

Altars:
Ashenzari
Cheibriados
Dithmenos
Elyvilon
Gozag
Hepliaklqana
Kikubaaqudgha
Makhleb
Nemelex Xobeh
Okawaru
Ru
Sif Muna
Trog
Wu Jian
Xom
Yredelemnul
The Shining One

Shops:
D:4 *   D:5 [

Annotations:
D:7 2 transporters, Thraspic's ghost, weakling SpDe


Innate Abilities, Weirdness & Mutations

You have razor-sharp teeth.
Your natural rate of healing is unusually fast.
When hurt, damage is shared between your health and your magic reserves.
Your bite disrupts and absorbs the magic of your enemies.
Potions cannot restore your health.


Message History

The plant is lightly damaged.
The komodo dragon bites the plant!!
The plant begins to die.
You puncture the plant!
The plant is lightly damaged.
The komodo dragon bites the plant!!
You puncture the plant!
The plant is lightly damaged.
The komodo dragon bites the plant!!
The plant begins to die.
You completely miss the plant.
The plant is lightly damaged.
A nearby plant withers and dies.
The komodo dragon bites the plant.
You hit the plant.
The plant begins to die.
You bite the plant! You drain its power.
The plant is lightly damaged.
A nearby plant withers and dies. x2
You hit the komodo dragon but do no damage.
The komodo dragon bites you!
You puncture the komodo dragon!
The komodo dragon is moderately wounded.
The komodo dragon misses you.
You barely miss the komodo dragon. You bite the komodo dragon.
You drain its power.
You feel invigorated.
The komodo dragon is moderately wounded.
A nearby plant withers and dies.
The komodo dragon bites you!!
You puncture the komodo dragon!
The komodo dragon is heavily wounded.
The komodo dragon bites you!!
* * * LOW HITPOINT WARNING * * *
You are too injured to fight recklessly!
You are too injured to fight recklessly!
You are too injured to fight recklessly!
You hit the komodo dragon.
The komodo dragon is severely wounded.
The komodo dragon closely misses you.
You barely miss the komodo dragon. Your bite misses the komodo dragon.
The komodo dragon is severely wounded.
The komodo dragon bites you!!
You die...
Your body crumbles into a pile of gold. ########### ##PPPPPPPPP# ##PPPPPPP..PP ##.P.PPl..>.PP #.....@....PPP #.....PPPPPPPP

#.#......PP..P
#.##.......P.#
#.####.....###
##........###
#..########
##########)##
...........#


You could see a komodo dragon.

Vanquished Creatures
  Pikel (D:5)
  A komodo dragon (D:8)
  A wyvern (D:6)
  2 water moccasins
  Purgy (Sewer)
  3 orc warriors
  2 ogres (D:6)
  2 lemures (D:5)
  3 bullfrogs
  5 kobold brigands
  3 scorpions
  A wyvern skeleton (D:7)
  5 killer bees (D:8)
  8 wights
  2 howler monkeys
  2 bullfrog zombies (D:5)
  2 orc priests
  Crazy Yiuf (D:3)
  7 hounds
  4 jellies
  4 orc wizards
  A scorpion zombie (D:5)
  2 hound skeletons
  3 howler monkey zombies
  7 gnolls
  A howler monkey skeleton (D:6)
  4 adders
  A shadow imp (D:6)
  An adder skeleton (D:4)
  2 dart slugs
  15 orcs
  2 ball pythons
  5 endoplasms
  3 giant cockroaches
  12 goblins
  6 hobgoblins
  2 iguanas
  6 jackals
  44 kobolds
  5 quokkas
  10 bats
  11 frilled lizards
  5 rats
208 creatures vanquished.

Vanquished Creatures (others)
  28 foxfires
  19 plants
47 creatures vanquished.

Grand Total: 255 creatures vanquished

Notes
Turn   | Place    | Note
-------+----------+-------------------------------------------
     0 | D:1      | VictoriousLee the Vine Stalker Monk began the quest for the
                  | Orb.
     0 | D:1      | Reached XP level 1. HP: 11/11 MP: 2/2
   324 | D:1      | Reached XP level 2. HP: 16/16 MP: 3/3
   694 | D:1      | Reached XP level 3. HP: 19/19 MP: 5/5
   789 | D:1      | Reached skill level 1 in Spellcasting
  1127 | D:2      | You fall into a shaft and drop 1 floor!
  1168 | D:3      | Gained mutation: Your natural rate of healing is unusually
                  | fast. [Vine Stalker growth]
  1168 | D:3      | Reached XP level 4. HP: 21/24 MP: 7/7
  1357 | D:3      | Found a runed translucent door.
  1358 | D:3      | Noticed Crazy Yiuf
  1372 | D:3      | Killed Crazy Yiuf
  1422 | D:3      | Reached skill level 2 in Spellcasting
  1422 | D:3      | Reached XP level 5. HP: 28/28 MP: 7/9
  2220 | D:4      | Reached skill level 3 in Spellcasting
  2220 | D:4      | Reached XP level 6. HP: 33/33 MP: 11/11
  2268 | D:4      | Found a shimmering altar of Xom.
  2335 | D:4      | Found Giefy's General Store.
  2610 | D:4      | Found a glowing drain.
  2614 | Sewer    | Entered a sewer
  2639 | Sewer    | Noticed Purgy
  2649 | Sewer    | Killed Purgy
  2650 | Sewer    | Reached skill level 4 in Spellcasting
  2650 | Sewer    | Reached XP level 7. HP: 34/38 MP: 14/14
  2924 | D:4      | Reached skill level 5 in Fighting
  3241 | D:5      | Entered Level 5 of the Dungeon
  3607 | D:5      | Noticed Pikel
  3625 | D:5      | Killed Pikel
  3626 | D:5      | Reached skill level 6 in Spellcasting
  3626 | D:5      | Gained mutation: You have razor-sharp teeth. [Vine Stalker
                  | growth]
  3626 | D:5      | Reached XP level 8. HP: 44/44 MP: 18/18
  3775 | D:5      | Learned a level 1 spell: Foxfire
  3799 | D:5      | Reached skill level 1 in Conjurations
  3799 | D:5      | Reached skill level 1 in Fire Magic
  3827 | D:5      | Found Yxorep's Antique Armour Emporium.
  3830 | D:5      | Bought a blackened leather armour for 210 gold pieces
  3830 | D:5      | Identified the +1 leather armour of Agoraphobia {rF+ Str+2}
                  | (You bought it in a shop on level 5 of the Dungeon)
  4456 | D:6      | Reached skill level 7 in Spellcasting
  4462 | D:6      | Found a white marble altar of Elyvilon.
  4473 | D:6      | Identified the +4 ring mail of a ziggurat {Int-4 Dex+5}
  4483 | D:6      | Reached XP level 9. HP: 41/49 MP: 14/20
  4537 | D:6      | Found a bloodstained altar of Trog.
  4819 | D:6      | Found an iron altar of Okawaru.
  4872 | D:6      | Reached skill level 5 in Fire Magic
  4902 | D:6      | Found an opulent altar of Gozag.
  5080 | D:6      | Reached skill level 5 in Conjurations
  5144 | D:6      | Found a sparkling altar of Nemelex Xobeh.
  5170 | D:6      | Found a snail-covered altar of Cheibriados.
  5416 | D:6      | Became a worshipper of Gozag Ym Sagoz the Greedy
  5608 | D:6      | Learned a level 1 spell: Beastly Appendage
  5670 | D:7      | Found a transporter.
  5678 | D:7      | Found a transporter.
  5681 | D:7      | Noticed a two-headed ogre
  5684 | D:7      | Found a bloodstained altar of Trog.
  5689 | D:7      | Noticed a moth of wrath
  5711 | D:7      | Identified a scroll of acquirement
  5718 | D:7      | Acquired 798 gold pieces
  5755 | D:7      | Found a staircase to the Ecumenical Temple.
  5764 | Temple   | Entered the Ecumenical Temple
  5867 | D:7      | Reached skill level 1 in Transmutations
  6026 | D:7      | Found a burning altar of Makhleb.
  6105 | D:7      | Noticed Thraspic's ghost (weakling SpDe)
  6809 | D:8      | Reached skill level 5 in Transmutations
  6809 | D:8      | Reached XP level 10. HP: 53/53 MP: 19/21
  7427 | D:8      | Found a staircase to the Lair.
  7447 | D:8      | Slain by a komodo dragon

Illustrated notes

Levels and vault maps discovered:
D:1:      dpeg_arrival_boxes_within_box, layout_basic
D:2:      layout_rooms
D:3:      layout_loops_corners, guppyfry_early_lair_pool,
          uniq_crazy_yiuf_cottage
D:4:      kennysheep_kobold_camp, layout_loops_ring, dk_xom_monty_hall,
          gup_sewer_entry_bowl, serial_shops, shop_statue
D:5:      layout_cave_pools, serial_shops, shop, serial_park_tiny_1,
          chequers_big_river, minmay_diced_spiral, uniq_pikel
D:6:      cheibrodos_thug_alley, layout_basic, mainiacjoe_overflow_brackets,
          lemuel_crystal_altar, mainiacjoe_overflow_boulevard, elyvilon_altar_5,
          general_overflow_altar, nemelex_altar_shiori, serial_rivers,
          chequers_serial_rivers_micro_d, chequers_serial_rivers_large_a,
          chequers_serial_rivers_room_b, chequers_serial_rivers_small_a,
          chequers_serial_rivers_micro_e, feat_on_display
D:7:      layout_cave_pods, mainiacjoe_overflow_surrounded_room,
          minmay_temple_entry_statues_pillars, gammafunk_ghost_wrathful_warriors
D:8:      layout_layer_cave, david_lair_shrubbed
Temple:   dpeg_three_leaves_temple

Skill      XL: |  1  2  3  4  5  6  7  8  9 10 |
---------------+-------------------------------+-----
Polearms       | 3 4 |  4.0
Spellcasting   | 1 2 3 4 6 7 |  7.0
Fighting       | 3 4 6 |  6.6
Conjurations   | 2 5 |  5.0
Fire Magic     | 3 5 |  5.1
Transmutations | 5 |  5.1
Shields        | 3 |  3.8
Dodging        | |  2.4
Stealth        | |  2.4

Action                   |  1- 3 |  4- 6 |  7- 9 | 10-12 || total
-------------------------+-------+-------+-------+-------++-------
Melee: Spear             |   124 |    20 |    76 |    72 ||   292
       Bite              |    25 |    45 |   103 |    22 ||   195
       Dagger            |       |   125 |   181 |       ||   306
       Unarmed           |       |     3 |       |       ||     3
       Kick              |       |       |     6 |       ||     6
       Headbutt          |       |       |     1 |       ||     1
 Cast: Foxfire           |       |       |    18 |       ||    18
       Beastly Appendage |       |       |     2 |       ||     2
  Use: Potion            |       |     2 |       |       ||     2
       Scroll            |       |       |    15 |       ||    15
 Stab: Sleeping          |     4 |     2 |     2 |       ||     8
       Distracted        |     1 |       |       |     1 ||     2
Armor: Robe              |    13 |       |       |       ||    13
       Ring mail         |    19 |       |       |       ||    19
       Scale mail        |       |    47 |    39 |       ||    86
       Leather armour    |       |       |    38 |    13 ||    51
Dodge: Dodged            |    50 |    79 |    95 |    26 ||   250
Block: Buckler           |       |       |    28 |    14 ||    42
